Map: Efflorescence LE

Players

ZelOx - Winner!

  • Race: Zerg Zerg
  • Spawn Location: 6:00

SirPinkleton - Winner!

  • Race: Zerg Zerg
  • Spawn Location: 9:00

qqq

  • Race: Zerg Zerg
  • Spawn Location: 3:00

Massa

  • Race: Terran Terran
  • Spawn Location: 12:00

VOD

Have the link to the VOD?

Description

Time

  • Played on: April 6, 2021, 1:28 p.m.
  • Length: 11:28
Show
View Real Time Build Order
Export as new Build Order

ZelOx Zerg - Winner!

Build Orders: Hatch First 

Get SALT Encoding   

  12  0:01  Drone  
  13  0:15  Extractor  
  13  0:17  Drone  
  13  0:18  Drone, Extractor  
  13  0:23  Drone  
  16  0:32  Overlord  
  16  0:51  Drone x2  
  18  1:04  Hatchery  
  18  1:09  Drone  
  18  1:10  Extractor  
  17  1:20  Spawning Pool  
  16  1:29  Drone x2  
  18  1:37  Drone  
  19  1:44  Drone  
  20  1:55  Overlord  
  20  2:07  Queen  
  22  2:12  Overlord  
  22  2:30  Zergling x4  
  22  2:34  Metabolic Boost  
  24  2:43  Zergling x8  
  27  3:08  Zergling x8  
  27  3:10  Queen  
  32  3:43  Drone x7  
  37  4:01  Drone x5, Hatchery  
  41  4:20  Queen  
  41  4:21  Roach Warren  
  41  4:24  Spine Crawler  
  41  4:29  Lair  
  41  4:30  Overlord x2  
  40  4:51  Overlord  
  40  5:06  Roach x9  
  51  5:35  Zergling x10  
  55  5:37  Queen  
  58  5:54  Glial Reconstitution  
  58  5:56  Drone x2  
  60  5:59  Hatchery  
  59  6:07  Overlord x2  
  42  6:42  Roach x2  
  42  6:43  Roach x8  
  42  6:45  Zergling x10  
  63  6:58  Zergling x4  
  63  7:12  Baneling Nest  
  62  7:17  Zergling x6  
  62  7:18  Zergling x4  
  58  7:50  Drone x6  
  58  7:51  Drone x3  
  66  8:10  Zergling x14  
  73  8:14  Baneling x3  
  73  8:15  Baneling x5  
  73  8:18  Roach  
  73  8:19  Zergling x4  
  77  8:22  Extractor  
  77  8:23  Drone x3  
  77  8:25  Extractor  
  76  9:09  Zergling x26  
  81  9:10  Zergling x4  
  81  9:14  Spore Crawler  
  81  9:16  Spore Crawler  
  73  9:18  Zergling x2  
  73  9:19  Zergling x8  
  72  9:29  Baneling x2  
  55  10:13  Zergling x2  
  55  10:14  Zergling x34  
  54  10:35  Extractor  
  53  10:36  Drone x11  
  60  11:15  Spire  
  60  11:16  Spine Crawler  
  60  11:18  Spore Crawler  
  58  11:26  Spore Crawler  
  58  11:27  Spore Crawler  
Show
View Real Time Build Order
Export as new Build Order

SirPinkleton Zerg - Winner!

Build Orders: Hatch First 

Get SALT Encoding   

  12  0:01  Drone  
  13  0:08  Drone  
  14  0:20  Extractor  
  13  0:22  Extractor, Drone x2  
  13  0:28  Overlord  
  16  0:47  Drone  
  17  0:54  Hatchery  
  16  0:58  Drone  
  17  1:16  Spawning Pool  
  16  1:19  Drone x2  
  16  1:23  Extractor  
  16  1:25  Drone  
  18  1:33  Overlord  
  18  1:46  Drone  
  19  2:02  Drone x2  
  19  2:04  Queen  
  23  2:09  Overlord  
  23  2:17  Drone  
  23  2:18  Drone  
  25  2:26  Queen  
  25  2:27  Drone x2  
  29  2:38  Spore Crawler  
  29  2:39  Drone x2  
  30  2:55  Lair  
  30  3:01  Evolution Chamber  
  30  3:04  Drone x3, Evolution Chamber  
  31  3:13  Drone x2  
  31  3:14  Drone  
  31  3:19  Spine Crawler  
  33  3:25  Zergling x6  
  34  3:28  Zergling x4  
  35  3:41  Zerg Missile Weapons Level 1  
  35  3:45  Roach Warren  
  34  3:57  Drone x3  
  34  3:58  Drone x2  
  34  4:01  Extractor  
  38  4:05  Drone x3  
  41  4:12  Zerg Ground Armor Level 1  
  41  4:25  Roach  
  41  4:28  Overlord x3  
  43  4:32  Extractor  
  43  4:34  Extractor  
  41  4:43  Overlord x3  
  41  4:48  Drone  
  41  4:49  Drone x2  
  41  4:50  Drone x2  
  46  4:56  Roach  
  38  5:10  Drone x2  
  38  5:11  Roach x2  
  37  5:14  Roach  
  37  5:24  Roach x2  
  41  5:39  Drone x2  
  41  5:40  Drone x2  
  45  5:47  Drone x2  
  47  5:53  Glial Reconstitution  
  47  5:56  Queen  
  49  5:58  Drone x2  
  51  6:12  Drone  
  51  6:13  Drone x3  
  51  6:14  Drone x2  
  57  6:29  Roach x2  
  61  6:36  Roach x2  
  61  6:53  Roach x4  
  69  7:07  Roach x4  
  69  7:08  Roach x2  
  73  7:16  Roach  
  73  7:20  Zerg Missile Weapons Level 2  
  75  7:31  Roach  
  75  7:35  Roach x4  
  79  7:37  Overseer  
  79  7:40  Hatchery  
  79  7:43  Roach  
  79  7:44  Roach x3  
  84  7:45  Roach  
  84  7:48  Overlord x2  
  78  8:02  Roach x3  
  84  8:30  Roach x5  
  84  8:33  Drone  
  95  8:38  Overseer  
  95  8:39  Pneumatized Carapace  
  95  8:42  Roach x2  
  95  8:44  Overlord x3  
  99  8:56  Roach x2  
  99  8:57  Roach  
  99  8:58  Overlord  
  99  8:59  Overlord  
  97  9:19  Spore Crawler, Hydralisk Den  
  95  9:31  Spine Crawler x2  
  94  9:34  Roach x5  
  103  9:43  Roach x2  
  103  9:44  Overlord, Roach x2  
  90  9:57  Drone x2  
  90  9:58  Drone x7  
  97  10:18  Hydralisk x2  
  97  10:19  Hydralisk  
  103  10:26  Drone x2  
  105  10:29  Drone  
  96  10:57  Drone  
  96  10:58  Drone x5  
  96  11:06  Drone x3  
  93  11:16  Spore Crawler  
  93  11:17  Spore Crawler  
  85  11:18  Spore Crawler  
Show
View Real Time Build Order
Export as new Build Order

qqq Zerg 

Build Orders: Hatch First, Zergling Baneling 

Get SALT Encoding   

  12  0:00  Drone  
  13  0:14  Drone  
  13  0:18  Overlord  
  14  0:47  Hatchery  
  13  0:50  Drone  
  14  1:09  Spawning Pool  
  13  1:12  Drone  
  13  1:18  Drone  
  15  1:19  Drone  
  16  1:30  Extractor, Drone  
  16  1:37  Drone  
  17  1:47  Drone  
  18  1:55  Queen  
  18  1:58  Queen  
  22  2:03  Drone  
  22  2:06  Drone  
  24  2:12  Zergling x2  
  24  2:14  Zergling x2  
  26  2:20  Drone  
  27  2:26  Baneling Nest  
  26  2:30  Drone  
  27  2:37  Overlord  
  27  2:50  Metabolic Boost  
  27  2:57  Zergling x2, Overlord  
  28  3:08  Drone x2, Zergling x4  
  28  3:10  Zergling x2  
  33  3:13  Zergling x2  
  33  3:16  Zergling x4  
  33  3:19  Drone  
  37  3:25  Drone  
  37  3:26  Zergling x2  
  39  3:29  Baneling x2  
  39  3:30  Baneling x2  
  39  3:34  Drone  
  40  3:43  Drone x2  
  40  3:44  Zergling x2  
  40  3:45  Drone  
  44  3:50  Baneling  
  44  3:54  Overlord  
  44  4:00  Overlord  
  44  4:08  Overlord  
  44  4:09  Overlord x2  
  44  4:25  Drone x2, Zergling x2  
  44  4:26  Zergling x6  
  50  4:43  Drone  
  50  4:44  Drone, Zergling x8  
  56  4:57  Baneling x2  
  56  4:58  Baneling  
  48  5:26  Zergling x4  
  48  5:27  Zergling x10  
  48  5:38  Lair  
  48  5:39  Drone x2  
  50  5:53  Roach Warren  
  50  5:57  Zergling x6  
  51  6:00  Hatchery  
  51  6:12  Hatchery  
  51  6:18  Zergling x8  
  47  6:29  Zergling x10  
  47  6:30  Zergling x4  
  47  6:41  Zergling x4  
  47  6:46  Evolution Chamber  
  47  6:50  Evolution Chamber  
  47  6:51  Spire  
  47  6:53  Zergling x10  
  47  6:54  Zergling x4  
  49  7:05  Zergling x2  
  49  7:06  Drone  
  50  7:15  Roach x5  
  60  7:24  Extractor  
  60  7:25  Drone, Roach x3  
  60  7:26  Roach x2  
  69  7:41  Overlord, Roach  
  69  7:42  Overlord  
  69  7:43  Zergling x10  
  65  7:45  Extractor  
  58  7:56  Queen  
  58  8:01  Drone  
  58  8:02  Drone x2, Overseer  
  58  8:05  Extractor  
  58  8:10  Zergling x10  
  58  8:11  Drone x4  
  66  8:17  Drone x3  
  69  8:25  Mutalisk x2  
  73  8:37  Hatchery  
  72  8:51  Mutalisk  
  72  8:53  Zergling x2  
  72  8:54  Drone x3, Zergling x4  
  72  8:55  Zergling x4  
  82  9:07  Mutalisk x2  
  80  9:10  Drone x3  
  80  9:11  Drone  
  80  9:15  Roach  
  76  9:30  Roach x4  
  79  9:32  Roach  
  59  9:52  Zergling x8  
  46  10:03  Mutalisk x3  
  43  10:18  Drone x4  
  40  10:25  Mutalisk  
  40  10:27  Zergling x8  
  22  11:01  Drone x2  
Show
View Real Time Build Order
Export as new Build Order

Massa Terran 

Build Orders:  

Get SALT Encoding   

  12  0:00  SCV  
  13  0:12  SCV  
  14  0:19  Supply Depot  
  14  0:28  SCV  
  16  0:44  Barracks  
  15  0:53  Barracks  
  15  0:57  SCV  
  17  1:13  Supply Depot  
  17  1:15  Supply Depot  
  16  1:21  SCV  
  16  1:25  Refinery  
  17  1:40  SCV  
  17  1:43  Refinery, Marine  
  17  1:44  Marine  
  19  2:00  Orbital Command  
  19  2:12  Reaper  
  20  2:24  Reaper  
  20  2:26  SCV  
  22  2:39  SCV  
  23  2:44  Barracks  
  23  3:14  SCV  
  24  3:26  SCV  
  21  4:04  Marine x2  
  21  4:05  SCV  
  21  4:09  Marine  
  25  4:13  Command Center  
  25  4:15  Factory  
  25  4:18  Factory  
  25  4:22  Marine x2  
  27  4:27  Marine  
  27  4:28  SCV  
  29  4:40  SCV  
  29  4:41  Barracks Reactor  
  30  4:46  Barracks Reactor  
  30  4:52  Barracks Tech Lab  
  30  5:04  Hellion  
  30  5:05  Hellion  
  34  5:14  Engineering Bay, Stimpack  
  34  5:19  Marine  
  34  5:20  Marine x2  
  37  5:28  Marine x2  
  37  5:31  Hellion x2  
  43  5:37  Marine x2  
  43  5:38  Marine  
  46  5:43  SCV  
  46  5:45  Terran Infantry Weapons Level 1  
  46  5:46  Marine  
  48  5:55  SCV, Marine  
  48  5:56  Marine x3  
  53  6:04  Marine  
  53  6:08  SCV  
  54  6:18  Supply Depot  
  54  6:20  Supply Depot  
  54  6:21  Supply Depot  
  51  6:32  Marine x3  
  51  6:33  Marauder  
  41  6:41  Marine  
  41  6:44  Widow Mine x2  
  38  6:50  Marine  
  38  6:51  Orbital Command  
  38  6:57  Marine x3  
  41  7:13  Marine x2  
  41  7:15  Marine  
  44  7:16  Marauder  
  44  7:17  Widow Mine x2  
  44  7:18  SCV  
  44  7:19  SCV  
  44  7:21  Marine  
  53  7:31  SCV  
  53  7:39  Marauder, Marine x3  
  50  7:52  Widow Mine x2  
  48  8:00  Marauder, Marine x3  
  48  8:01  Marine  
  54  8:08  Terran Infantry Armor Level 1  
  54  8:13  Widow Mine  
  54  8:14  Widow Mine  
  54  8:18  Marine x4  
  62  8:21  Marauder  
  64  8:36  Marine  
  64  8:40  Marine  
  64  8:41  Marine x2  
  68  8:43  Marauder  
  70  8:50  Refinery  
  70  8:52  Starport  
  70  8:53  Barracks  
  70  8:54  Barracks, Marine  
  67  8:58  Marine x2  
  66  9:04  Marauder  
  47  9:11  Marine  
  47  9:12  Marine  
  47  9:13  Widow Mine x2  
  41  9:26  Marauder  
  40  9:34  SCV x2  
  40  9:35  Widow Mine  
  44  9:41  Marine x5  
  44  9:42  Marine  
  50  9:46  SCV x2  
  52  9:58  SCV, Bunker  
  43  10:05  Factory Tech Lab  
  43  10:06  Factory Tech Lab  
  37  10:08  Banshee  
  36  10:21  Command Center  
  36  10:22  Armory  
  36  10:28  Marine x4  
  36  11:01  Marine  
  36  11:02  Marine x6  
Tags
 
Add a new tag
Caveats
  • Supply blocks, unpowered buildings, or Contaminate may cause inaccurate times.
  • Supply counts are checked every 10 seconds.